Map: [ESL] NeoHumanity

Players

Bunny

  • Race: Terran Terran
  • Spawn Location: 11:00

Maru - Winner!

  • Race: Terran Terran
  • Spawn Location: 5:00

Event: ESL SC2 Masters 2023 Summer (Finals)

VOD

Have the link to the VOD?

Description

Time

  • Played on: June 16, 2023, 10:37 a.m.
  • Length: 13:15

All games in this series

Show
View Real Time Build Order
Export as new Build Order

Bunny Terran 

Build Orders: Reaper Expand 

Get SALT Encoding   

  12  0:00  SCV  
  13  0:12  SCV  
  14  0:16  Supply Depot  
  14  0:24  SCV  
  15  0:38  SCV  
  15  0:39  Barracks  
  15  0:42  Refinery  
  16  0:50  SCV  
  17  1:02  SCV  
  18  1:14  SCV  
  19  1:26  Orbital Command, Reaper  
  20  1:41  Command Center  
  20  1:50  Supply Depot  
  20  1:51  SCV  
  21  1:58  Marine  
  22  2:03  SCV  
  22  2:07  Factory  
  23  2:14  Bunker  
  23  2:16  SCV  
  23  2:20  Barracks Reactor  
  24  2:24  Refinery  
  24  2:28  SCV  
  25  2:40  SCV  
  28  2:51  Hellion  
  28  2:52  SCV  
  28  2:54  Orbital Command  
  28  2:56  Marine  
  30  2:58  Starport  
  30  3:00  Orbital Command  
  30  3:01  Marine  
  30  3:04  SCV  
  32  3:12  Factory Tech Lab  
  32  3:14  Marine  
  32  3:17  SCV  
  32  3:18  Marine  
  35  3:25  SCV  
  36  3:29  SCV  
  36  3:32  Marine  
  36  3:33  Cyclone  
  41  3:35  Starport Tech Lab  
  41  3:36  Marine, Supply Depot  
  41  3:37  SCV  
  41  3:41  SCV  
  44  3:49  SCV  
  44  3:50  Marine  
  44  3:54  Supply Depot  
  46  3:57  Raven, Marine, SCV  
  46  4:02  SCV  
  51  4:06  Refinery  
  51  4:09  SCV  
  52  4:13  Command Center  
  52  4:14  SCV  
  53  4:17  Supply Depot  
  53  4:21  Siege Tank  
  53  4:23  SCV  
  57  4:26  SCV  
  57  4:30  Marine x2  
  60  4:32  Supply Depot  
  60  4:37  Raven  
  62  4:39  SCV x2  
  62  4:42  Refinery  
  64  4:51  SCV x2  
  66  4:56  Siege Tank  
  66  4:59  Marine x2  
  71  5:03  SCV  
  71  5:04  SCV  
  73  5:07  Barracks  
  73  5:12  Barracks  
  73  5:16  SCV x2  
  75  5:22  Viking  
  75  5:25  Supply Depot  
  75  5:28  Orbital Command, Liberator, Siege Tank  
  77  5:29  Marine  
  77  5:32  SCV  
  77  5:33  SCV  
  85  5:44  SCV  
  85  5:45  SCV  
  85  5:47  Engineering Bay x2  
  87  5:52  Liberator  
  90  6:00  Siege Tank  
  93  6:06  Barracks Reactor x2  
  93  6:07  Marine  
  93  6:08  Stimpack  
  94  6:27  Viking  
  94  6:30  Orbital Command  
  94  6:31  Marine  
  97  6:34  Terran Infantry Weapons Level 1  
  97  6:35  Barracks, Viking  
  97  6:36  Barracks, SCV x2  
  101  6:49  Supply Depot x2  
  101  6:52  Marine x5  
  100  6:54  Siege Tank  
  100  7:00  Viking  
  82  7:05  SCV x2, Viking  
  82  7:06  SCV  
  87  7:09  Marine x5  
  87  7:13  Terran Infantry Armor Level 1  
  87  7:14  Supply Depot  
  92  7:22  Barracks Reactor  
  92  7:23  Barracks Reactor  
  92  7:27  Marine x4  
  92  7:28  Siege Tank  
  99  7:33  Supply Depot  
  99  7:34  Supply Depot  
  96  7:42  Liberator  
  99  7:49  Marine x3  
  101  7:57  Medivac  
  103  7:59  Marine  
  103  8:00  Marine x5, Missile Turret, Combat Shield  
  103  8:04  SCV x3  
  109  8:07  Marine x2  
  109  8:10  Siege Tank  
  109  8:11  Marine  
  115  8:17  Marine x6, SCV x2  
  115  8:18  SCV  
  115  8:19  Refinery  
  124  8:20  Refinery  
  124  8:22  Supply Depot  
  124  8:24  Marine  
  124  8:25  Medivac  
  127  8:27  Supply Depot  
  127  8:29  Medivac  
  127  8:31  Marine x2  
  131  8:35  Marine x4  
  131  8:37  Marine x2  
  137  8:42  Marine, Siege Tank  
  137  8:47  SCV x3  
  137  8:48  Supply Depot  
  144  8:49  Marine x2  
  144  8:53  Marine x4  
  144  8:55  Marine x2  
  152  8:57  Medivac  
  152  8:59  Medivac  
  156  9:06  Marine  
  156  9:09  Marine x2  
  158  9:11  Marine x2  
  158  9:14  Siege Tank  
  158  9:16  Marine x2  
  165  9:20  Supply Depot  
  165  9:21  Marine x2, Supply Depot  
  167  9:24  Marine  
  167  9:27  Marine x2  
  167  9:28  Marine  
  167  9:29  Marine  
  172  9:34  Marine x2  
  172  9:37  Medivac  
  172  9:38  Medivac  
  177  9:39  Marine x2  
  177  9:42  Marine  
  177  9:44  Marine  
  177  9:45  Marine  
  181  9:46  Marine x2  
  181  9:49  Siege Tank  
  181  9:52  Marine x2  
  187  9:56  Marine x2  
  189  10:05  Marine x5  
  157  10:10  Marine x2  
  157  10:14  Liberator x2, Marine  
  141  10:18  Marine  
  141  10:21  Siege Tank  
  138  10:22  Marine  
  138  10:23  Marine x4  
  138  10:27  Marine  
  138  10:28  Marine  
  133  10:32  Marine, Armory  
  128  10:36  Marine  
  128  10:40  Marine x2  
  128  10:41  Marine  
  128  10:42  Marine x2  
  134  10:45  Marine x2  
  133  10:50  Marine  
  133  10:53  Siege Tank  
  133  10:54  Marine  
  133  10:56  SCV x3  
  141  10:58  Marine x3  
  141  11:00  Marine x2  
  141  11:03  Marine x2  
  148  11:08  Marine  
  148  11:10  Medivac x2  
  152  11:11  Marine  
  152  11:17  Marine x4  
  152  11:18  Marine, Command Center  
  158  11:21  Marine  
  158  11:25  Siege Tank  
  158  11:34  Marine x3  
  158  11:35  Marine x4  
  158  11:36  Marine  
  158  11:39  Marine  
  167  11:47  Viking x2  
  157  11:52  Marine x3  
  157  11:53  Marine  
  139  12:04  Marine  
  139  12:05  Marine x4  
  120  12:09  Siege Tank  
  120  12:10  Marine x4  
  115  12:16  Viking  
  115  12:17  Viking  
  115  12:21  Sensor Tower  
  115  12:22  Marine  
  113  12:23  Marine x3  
  113  12:26  SCV x2  
  113  12:27  SCV  
  113  12:29  Marine  
  120  12:30  Marine x3  
  120  12:31  Marine  
  120  12:35  Planetary Fortress  
  118  12:44  Marine  
  118  12:45  Marine x3  
  118  12:47  Marine x3  
Show
View Real Time Build Order
Export as new Build Order

Maru Terran - Winner!

Build Orders: Reaper Expand 

Get SALT Encoding   

  12  0:00  SCV  
  13  0:12  SCV  
  14  0:16  Supply Depot  
  14  0:24  SCV  
  15  0:38  SCV  
  15  0:39  Barracks  
  15  0:42  Refinery  
  16  0:50  SCV  
  17  1:02  SCV  
  18  1:14  SCV  
  19  1:27  Orbital Command  
  19  1:28  Reaper, Supply Depot  
  20  1:48  Command Center  
  20  1:52  SCV  
  21  2:00  Reaper  
  22  2:05  SCV  
  22  2:07  Refinery  
  23  2:17  SCV  
  23  2:19  Factory  
  24  2:29  SCV  
  25  2:36  Barracks Reactor  
  25  2:41  SCV  
  26  2:46  Command Center  
  26  2:53  SCV  
  27  3:03  Factory Tech Lab  
  27  3:05  Starport, SCV  
  28  3:14  Orbital Command  
  28  3:17  SCV  
  29  3:20  Marine x2  
  31  3:29  SCV  
  31  3:33  Factory Tech Lab  
  32  3:39  SCV, Marine x2  
  35  3:41  SCV  
  35  3:48  Raven  
  38  3:51  SCV  
  38  3:52  Cyclone  
  38  3:53  SCV  
  38  3:54  Supply Depot  
  43  3:58  Orbital Command  
  43  4:02  Marine x2  
  45  4:04  SCV  
  46  4:10  SCV  
  46  4:11  Refinery  
  46  4:16  SCV  
  48  4:22  Raven, SCV  
  53  4:28  SCV  
  53  4:29  SCV  
  53  4:34  SCV  
  53  4:37  Stimpack, Barracks  
  54  4:39  Barracks  
  54  4:40  SCV  
  54  4:43  SCV, Factory Reactor  
  56  4:46  Refinery  
  56  4:47  SCV, Supply Depot  
  56  4:50  Marine  
  58  4:53  SCV  
  58  4:56  SCV  
  60  5:00  SCV  
  60  5:02  Raven  
  60  5:05  Engineering Bay  
  62  5:07  SCV  
  62  5:08  Engineering Bay, SCV, Marine  
  65  5:15  SCV  
  65  5:19  Barracks, SCV  
  65  5:20  Barracks  
  66  5:27  Marine x2  
  67  5:36  Marine x2  
  67  5:37  Marine  
  67  5:39  Terran Infantry Weapons Level 1, Terran Infantry Armor Level 1  
  67  5:41  SCV  
  67  5:42  Supply Depot  
  71  5:44  Marine  
  71  5:45  Starport Reactor, Siege Tank  
  71  5:46  SCV  
  71  5:48  Marine  
  71  5:49  Supply Depot  
  77  5:57  Supply Depot  
  77  6:01  Marine  
  77  6:03  Marine x3  
  80  6:08  SCV, Barracks Reactor x2  
  81  6:15  Marine  
  81  6:18  Combat Shield  
  81  6:19  Marine  
  81  6:21  Marine x3  
  81  6:23  Medivac x2  
  88  6:27  Supply Depot x2  
  87  6:33  Marine  
  87  6:49  Marine x4  
  87  6:50  Marine  
  81  6:58  Orbital Command, Medivac x2  
  81  6:59  Marine x4  
  84  7:06  SCV x2, Marine x4  
  90  7:12  Armory  
  90  7:14  Supply Depot  
  90  7:18  SCV  
  90  7:21  Marine  
  90  7:22  Siege Tank  
  95  7:23  SCV  
  95  7:24  SCV  
  95  7:29  Supply Depot  
  97  7:30  SCV  
  97  7:35  SCV  
  98  7:38  SCV  
  98  7:40  Marine x2  
  98  7:43  Medivac x2  
  105  7:45  SCV  
  105  7:47  SCV  
  105  7:50  SCV  
  106  7:54  Marine x2  
  106  7:57  SCV, Siege Tank  
  112  7:59  SCV  
  112  8:03  Supply Depot  
  113  8:08  SCV  
  113  8:09  SCV  
  113  8:11  SCV  
  116  8:13  Command Center  
  116  8:15  Terran Infantry Weapons Level 2, Terran Infantry Armor Level 2  
  116  8:22  Supply Depot  
  116  8:23  Supply Depot  
  116  8:24  SCV  
  117  8:27  Missile Turret, Supply Depot  
  117  8:28  Terran Vehicle Weapons Level 1  
  117  8:31  Refinery  
  117  8:32  Refinery  
  117  8:34  SCV x2  
  119  8:36  SCV  
  119  8:40  Siege Tank  
  123  8:46  SCV x2  
  123  8:48  SCV  
  126  8:50  Marine, Viking, Barracks Reactor  
  126  8:51  Marine x3  
  132  8:56  Viking  
  132  8:58  SCV  
  132  9:00  SCV  
  136  9:08  Marine  
  136  9:09  Marine x2  
  139  9:10  Marine x2  
  139  9:13  Factory  
  139  9:14  Siege Tank  
  139  9:16  SCV  
  139  9:17  SCV x2  
  147  9:18  Supply Depot  
  147  9:20  Sensor Tower  
  143  9:27  Viking x2  
  143  9:30  SCV x3  
  150  9:34  Planetary Fortress  
  150  9:35  Missile Turret  
  149  9:46  SCV  
  149  9:50  Marine x2  
  149  9:51  Siege Tank  
  155  9:57  Marine x5, Viking x2  
  155  9:58  Marine x3  
  155  9:59  Siege Tank  
  148  10:07  Marine  
  148  10:08  Marine  
  128  10:15  Marine x5  
  128  10:16  Marine x3  
  124  10:23  Siege Tank  
  124  10:25  Marine  
  124  10:26  Marine  
  124  10:27  Medivac x2  
  117  10:33  Marine x5  
  117  10:34  Marine x3  
  121  10:39  SCV  
  121  10:41  Armory, Siege Tank  
  124  10:43  Marine  
  124  10:44  SCV, Marine  
  127  10:50  SCV  
  127  10:51  Marine x5, SCV  
  127  10:52  Marine, SCV  
  127  10:53  Marine x2  
  127  10:56  SCV, Siege Tank  
  140  11:01  Marine  
  140  11:02  Marine  
  142  11:04  SCV  
  142  11:08  Marine  
  142  11:09  Marine x4  
  142  11:10  Marine  
  142  11:11  Marine  
  148  11:13  Siege Tank  
  148  11:16  Marine, SCV  
  148  11:18  Medivac  
  156  11:19  Marine  
  156  11:20  Marine  
  158  11:26  Marine x3  
  158  11:27  Marine x3  
  158  11:28  SCV, Siege Tank  
  158  11:29  Marine  
  166  11:34  Marine  
  166  11:37  Marine x2  
  169  11:45  Siege Tank  
  169  11:46  Marine x4, Viking  
  161  11:48  Viking, Refinery  
  161  11:49  Refinery  
  161  11:50  Command Center  
  163  11:55  Marine  
  163  11:57  Marine  
  163  11:59  Marine  
  163  12:00  Marine  
  163  12:01  Marine x2  
  147  12:02  SCV x2  
  147  12:04  Marine x2  
  147  12:06  Marine  
  123  12:11  Marine  
  123  12:12  Marine, Siege Tank  
  123  12:16  SCV x2  
  123  12:17  SCV  
  123  12:18  SCV, Siege Tank  
  130  12:23  Marine x2  
  130  12:24  Marine x5  
  130  12:28  SCV  
  130  12:29  SCV x2  
  140  12:30  SCV  
  140  12:31  Viking  
  140  12:32  Viking  
  140  12:33  Marine  
  140  12:34  Marine  
  147  12:37  Starport  
  147  12:38  Starport  
  147  12:42  Marine x3  
  150  12:47  Marine  
  150  12:51  Marine x4  
  154  12:57  Marine  
Tags
 
Add a new tag
Caveats
  • Supply blocks, unpowered buildings, or Contaminate may cause inaccurate times.
  • Supply counts are checked every 10 seconds.